 Seeded DCSS version 0.29-a0-1043-g569b05d6ff (webtiles) character file.

Game seed: 2428815684230888813 (custom seed)

56 voltaire321 the Covered (level 3, 0/33 HPs)
             Began as a Minotaur Fighter on Aug 15, 2022.
             Slain by an orc
             ... wielding a +0 club
              (2 damage)
             ... on level 3 of the Dungeon.
             The game lasted 00:02:52 (813 turns).

voltaire321 the Covered (Minotaur Fighter)           Turns: 813, Time: 00:02:52

Health: 0/33       AC:  7    Str: 22    XL:     3   Next: 71%
Magic:  2/2        EV:  9    Int:  5    God:
Gold:   54         SH:  4    Dex:  9    Spells: 2/2 levels left

rFire   . . .      SeeInvis .   a - +0 war axe
rCold   . . .      Faith    .   c - +0 buckler
rNeg    . . .      Spirit   .   b - +0 scale mail
rPois   .          Reflect  .   (helmet restricted)
rElec   .          Harm     .   (no cloak)
rCorr   .          Rampage  .   (no gloves)
Will    .....                   (no boots)
Stlth   ..........              (no amulet)
HPRegen 0.11/turn               (no ring)
MPRegen 0.08/turn               (no ring)

@: no status effects
A: horns 2, retaliatory headbutt
a: no special abilities


You were on level 3 of the Dungeon.
You visited 1 branch of the dungeon, and saw 3 of its levels.

You collected 54 gold pieces.

Inventory:

Hand Weapons
 a - a +0 war axe (weapon)
Armour
 b - a +0 scale mail (worn)
 c - a +0 buckler (worn)
 g - a +0 leather armour of cold resistance
Jewellery
 e - a ring of fire
Scrolls
 h - 2 scrolls of identify {unknown}
 i - a scroll of enchant armour {unknown}
 l - a scroll of poison {unknown}
 m - a scroll of teleportation {unknown}
Potions
 d - a potion of might
 f - a potion of flight {unknown}
 j - a potion of berserk rage {unknown}
 k - 2 potions of curing {unknown}


   Skills:
 + Level 4.2 Fighting
 + Level 3.2 Axes
 + Level 4.2 Armour
 + Level 4.2 Shields


You had 2 spell levels left.
You didn't know any spells.
Your spell library was empty.

Dungeon Overview and Level Annotations

Branches:
Dungeon (3/15)

Altars:


Innate Abilities, Weirdness & Mutations

You have a pair of horns on your head.
You reflexively headbutt those who attack you in melee.


Message History

The orc barely misses you. The orc hits you with a +0 flail.
A bat comes into view.
The bat hits you but does no damage.
The orc shouts!
The bat hits you but does no damage. You block the bat's attack.
The orc hits you but does no damage. x2; The orc closely misses you.
The orc hits you but does no damage. The bat barely misses you.
You furiously retaliate!
You headbutt the bat. You block the orc's attack.
The bat hits you but does no damage. The orc hits you with a +0 flail.
The bat hits you but does no damage. The bat closely misses you.
The orc barely misses you. The orc hits you but does no damage.
The orc hits you with a +0 flail. You block the bat's attack.
The bat hits you but does no damage. The orc hits you with a +0 club.
The orc closely misses you. The orc hits you but does no damage.
The orc hits you with a +0 flail.
The bat closely misses you. x2; You furiously retaliate!
You headbutt the bat. The orc closely misses you.
The orc hits you but does no damage. The orc barely misses you.
The orc hits you with a +0 club.
* * * LOW HITPOINT WARNING * * *
The bat hits you.
* * * LOW HITPOINT WARNING * * *
You block the orc's attack. The orc hits you but does no damage.
The orc barely misses you. You furiously retaliate!
You headbutt the orc. The endoplasm freezes you.
You are frozen.
* * * LOW HITPOINT WARNING * * *
You block the orc's attack. The bat barely misses you. x2
You furiously retaliate!
You headbutt the bat.
You kill the bat!
You block the bat's attack. The orc hits you with a +0 short sword.
* * * LOW HITPOINT WARNING * * *
The endoplasm barely misses you. The orc barely misses you.
You furiously retaliate!
You headbutt the orc. The orc hits you with a +0 flail.
* * * LOW HITPOINT WARNING * * *
The orc hits you but does no damage. The bat barely misses you.
You block the orc's attack. The orc closely misses you.
The orc barely misses you. The orc hits you with a +0 club.
You die...

...............
.......... ....
..............#
....(.... ...#
.............#
........#....
#..bJ†.#
#...@o# #..ooo#
#.....# #####..
###


You could see 4 orcs, an endoplasm and a bat.

Vanquished Creatures
  An adder (D:2)
  3 dart slugs (D:1)
  5 bats
  4 endoplasms
  3 giant cockroaches
  3 goblins (D:1)
  5 hobgoblins (D:1)
  2 jackals (D:1)
  A quokka (D:1)
  A ball python (D:1)
  2 frilled lizards
  5 kobolds
  3 rats
38 creatures vanquished.

Notes
Turn   | Place    | Note
-------+----------+-------------------------------------------
     0 | D:1      | voltaire321 the Minotaur Fighter began the quest for the
                  | Orb.
     0 | D:1      | Reached XP level 1. HP: 19/19 MP: 0/0
    49 | D:1      | Reached XP level 2. HP: 23/27 MP: 1/1
   225 | D:1      | Found a faded altar of an unknown god.
   299 | D:1      | Reached XP level 3. HP: 32/33 MP: 2/2
   812 | D:3      | HP: 1/33 [orc/+0 flail (3)]
   813 | D:3      | Slain by an orc

Illustrated notes

Levels and vault maps discovered:
D:1:      minmay_arrival_shattered_statue, layout_basic,
          hellmonk_ecumenical_altar_zigzags, minmay_misc_feat_enclosed,
          minmay_three_crescents
D:2:      layout_basic, chequers_serial_rivers_small_3
D:3:      layout_basic, lemuel_doored_altar, serial_shops, nicolae_square_shop,
          portal_sewer_entry_c, minmay_bisected

Skill      XL: |  1  2 |
---------------+-------+-----
Fighting       | 4 |  4.2
Shields        | 4 |  4.2
Armour         | 4 |  4.2
Axes           | 3 |  3.2

Action                   || total
-------------------------++-------
Melee: War axe           ||    43
       Headbutt          ||     5
Armor: Scale mail        ||   112
Dodge: Dodged            ||   106
Block: Buckler           ||    34

Table legend: (Time is in decaauts)
 A = Elapsed time spent in this place.
 B = Non-inter-level travel time spent in this place.
 C = Inter-level travel time spent in this place.
 D = Time resting spent in this place.
 E = Time spent auto-exploring this place.
 F = Levels seen in this place.
 G = Mean time per level.
                   A        B        C        D        E       F      G
               +--------+--------+--------+--------+--------+-----+--------+
         Total |    834 |    830 |      4 |      0 |    442 |   3 |  278.0 |
       Dungeon |    834 |    830 |      4 |      0 |    442 |   3 |  278.0 |
               +--------+--------+--------+--------+--------+-----+--------+

Top non-repeatable levels by time:
     D:1: 669 daAuts
     D:2: 155 daAuts
     D:3: 9 daAuts
